General information
- name: BNet
- type: Ladder team game (AT/RT)
- host: Battle.net
- saver: Pigman
map: HinterlandRaid
- players: 6
- length: 17:19
- speed: Fast
- version: 1.26 W3XP
- replay type: Public
» download(110 KB)
Players
team 1 (loser)
myth1 (
red | 191 APM | 3277 actions | 17:07)
2 Archmage
1 Summon Water Elemental
1 Brilliance Aura
1 Mountain King
1 Storm Bolt
» actions
| Assign group hotkey | 192 | |
| Basic commands | 417 | |
| Build / train | 104 | |
| ESC pressed | 1 | |
| Enter build submenu | 21 | |
| Enter hero's abilities submenu | 3 | |
| Right click | 568 | |
| Select / deselect | 468 | |
| Select group hotkey | 1390 | |
| Use ability | 113 | |
3277 total
» units
| Peasant | 27 | |
| Footman | 11 | |
| Rifleman | 8 | |
| Mortar Team | 4 | |
| Flying Machine | 1 | |
51 total
» upgrades
| Long Rifles | 1 | |
| Lumber Harvesting | 1 | |
| Gunpowder | 2 | |
| Armor | 1 | |
| Fragmentation Shards | 1 | |
6 total
» buildings
| Altar of Kings | 1 | |
| Farm | 9 | |
| Barracks | 2 | |
| Scout Tower | 2 | |
| Arcane Tower | 7 | |
| Lumber Mill | 1 | |
| Town Hall | 2 | |
| Keep | 4 | |
| Blacksmith | 1 | |
| Arcane Vault | 1 | |
| Workshop | 2 | |
| Castle | 6 | |
38 total
» build order
00:09 Altar of Kings
00:20 Farm
00:22 Barracks
01:05 Farm
01:37 Farm
01:48 Scout Tower
02:20 Arcane Tower
02:20 Arcane Tower
02:20 Arcane Tower
03:40 Lumber Mill
04:14 Farm
04:47 Town Hall
04:50 Town Hall
04:54 Scout Tower
05:39 Arcane Tower
05:39 Arcane Tower
06:09 Keep
06:09 Keep
06:10 Keep
06:12 Blacksmith
06:14 Arcane Vault
06:49 Barracks
08:54 Farm
08:55 Farm
09:38 Farm
10:52 Workshop
12:10 Castle
12:10 Castle
12:10 Castle
12:14 Farm
13:15 Farm
15:23 Workshop
» items
| Lesser Clarity Potion | 1 | |
| Scroll of Regeneration | 2 | |
| Scroll of Town Portal | 1 | |
| Potion of Lesser Invulnerability | 1 | |
| Scroll of Healing | 2 | |
| Dust of Appearance | 1 | |
8 total
RightSmackDab (
yellow | 61 APM | 1058 actions | 17:15)
2 Archmage
1 Summon Water Elemental
1 Brilliance Aura
1 Mountain King
1 Storm Bolt
» actions
| Assign group hotkey | 69 | |
| Basic commands | 40 | |
| Build / train | 65 | |
| ESC pressed | 2 | |
| Enter build submenu | 28 | |
| Enter hero's abilities submenu | 3 | |
| Right click | 407 | |
| Select / deselect | 210 | |
| Select group hotkey | 171 | |
| Use ability | 63 | |
1058 total
» units
| Peasant | 14 | |
| Footman | 9 | |
| Spell Breaker | 6 | |
| Priest | 3 | |
| Mortar Team | 3 | |
| Sorceress | 1 | |
| Flying Machine | 5 | |
41 total
» upgrades
| Defend | 1 | |
| Lumber Harvesting | 1 | |
| Swords | 1 | |
| Plating | 2 | |
| Priest Training | 1 | |
| Flare | 1 | |
| Gunpowder | 1 | |
| Masonry | 1 | |
| Sorceress Training | 1 | |
| Flak Cannons | 1 | |
| Control Magic | 1 | |
12 total
» buildings
| Altar of Kings | 1 | |
| Farm | 10 | |
| Barracks | 1 | |
| Scout Tower | 3 | |
| Arcane Vault | 2 | |
| Arcane Tower | 1 | |
| Keep | 1 | |
| Lumber Mill | 1 | |
| Blacksmith | 1 | |
| Arcane Sanctum | 3 | |
| Town Hall | 1 | |
| Workshop | 2 | |
| Guard Tower | 2 | |
| Castle | 1 | |
30 total
» build order
00:21 Altar of Kings
00:40 Farm
01:08 Barracks
01:21 Farm
01:38 Scout Tower
01:51 Arcane Vault
02:08 Arcane Tower
02:23 Farm
02:24 Farm
03:46 Keep
04:59 Lumber Mill
05:25 Blacksmith
05:31 Farm
05:33 Farm
06:12 Arcane Sanctum
06:15 Arcane Sanctum
06:19 Arcane Sanctum
08:24 Farm
08:24 Farm
09:31 Town Hall
09:39 Scout Tower
10:31 Workshop
10:40 Guard Tower
12:13 Arcane Vault
13:03 Castle
13:34 Farm
13:35 Scout Tower
13:40 Farm
15:27 Workshop
15:43 Guard Tower
» items
| Scroll of Regeneration | 1 | |
| Lesser Clarity Potion | 1 | |
2 total
Fumegante (
teal | 44 APM | 749 actions | 17:11)
2 Keeper of the Grove
1 Force of Nature
1 Entangling Roots
» actions
| Assign group hotkey | 2 | |
| Build / train | 57 | |
| Enter build submenu | 21 | |
| Enter hero's abilities submenu | 2 | |
| Right click | 448 | |
| Select / deselect | 193 | |
| Use ability | 26 | |
749 total
» units
| Wisp | 17 | |
| Archer | 2 | |
| Huntress | 17 | |
| Dryad | 1 | |
| Glaive Thrower | 1 | |
38 total
» upgrades
| Strength of the Moon | 1 | |
| Moon Armor | 1 | |
| Vorpal Blades | 1 | |
| Upgrade Moon Glaive | 1 | |
4 total
» buildings
| Moon Well | 5 | |
| Altar of Elders | 1 | |
| Ancient of War | 2 | |
| Hunter's Hall | 1 | |
| Ancient of Wonders | 1 | |
| Tree of Ages | 1 | |
| Ancient Protector | 1 | |
| Ancient of Lore | 1 | |
| Ancient of Wind | 1 | |
| Tree of Eternity | 6 | |
| Chimaera Roost | 2 | |
22 total
» build order
01:05 Moon Well
01:08 Altar of Elders
01:40 Ancient of War
02:21 Moon Well
03:15 Hunter's Hall
03:49 Ancient of Wonders
04:23 Ancient of War
04:52 Tree of Ages
05:58 Ancient Protector
08:55 Moon Well
09:01 Moon Well
09:18 Ancient of Lore
10:35 Moon Well
12:02 Ancient of Wind
13:39 Tree of Eternity
13:40 Tree of Eternity
13:40 Tree of Eternity
13:40 Tree of Eternity
16:15 Chimaera Roost
16:21 Chimaera Roost
» items
team 2 (winner)
whatduh (
green | 46 APM | 803 actions | 17:16)
3 Blademaster
1 Wind Walk
2 Critical Strike
2 Shadow Hunter
1 Healing Wave
1 Hex
» actions
| Assign group hotkey | 22 | |
| Basic commands | 143 | |
| Build / train | 62 | |
| Enter build submenu | 13 | |
| Enter hero's abilities submenu | 5 | |
| Right click | 128 | |
| Select / deselect | 173 | |
| Select group hotkey | 185 | |
| Use ability | 72 | |
803 total
» units
| Peon | 8 | |
| Grunt | 6 | |
| Troll Witch Doctor | 4 | |
| Tauren | 4 | |
| Spirit Walker | 1 | |
23 total
» upgrades
| Melee Weapons | 2 | |
| Armor | 2 | |
| Witch Doctor Training | 2 | |
| Pulverize | 1 | |
| Reinforced Defenses | 1 | |
| Spirit Walker Training | 1 | |
9 total
» buildings
| Altar of Storms | 1 | |
| Orc Burrow | 5 | |
| Voodoo Lounge | 1 | |
| Barracks | 1 | |
| War Mill | 1 | |
| Stronghold | 1 | |
| Watch Tower | 1 | |
| Spirit Lodge | 1 | |
| Fortress | 1 | |
| Tauren Totem | 2 | |
15 total
» build order
00:05 Altar of Storms
00:14 Orc Burrow
00:49 Voodoo Lounge
01:23 Barracks
01:42 Orc Burrow
03:12 War Mill
04:17 Stronghold
04:32 Watch Tower
04:54 Orc Burrow
06:46 Spirit Lodge
07:26 Fortress
09:12 Orc Burrow
09:50 Tauren Totem
10:13 Tauren Totem
10:57 Orc Burrow
» items
| Healing Salve | 3 | |
| Lesser Clarity Potion | 4 | |
| Scroll of Speed | 1 | |
| Scroll of Town Portal | 3 | |
| Orb of Lightning | 1 | |
12 total
Pigman (
pink | 57 APM | 983 actions | 17:19)
3 Archmage
2 Blizzard
1 Brilliance Aura
2 Blood Mage
1 Flame Strike
1 Siphon Mana
» actions
| Assign group hotkey | 2 | |
| Basic commands | 11 | |
| Build / train | 72 | |
| Enter build submenu | 69 | |
| Enter hero's abilities submenu | 5 | |
| Give item / drop item | 2 | |
| Right click | 217 | |
| Select / deselect | 234 | |
| Select group hotkey | 247 | |
| Use ability | 124 | |
983 total
» units
| Peasant | 17 | |
| Sorceress | 1 | |
| Priest | 1 | |
| Dragonhawk Rider | 4 | |
23 total
» upgrades
| Masonry | 3 | |
| Lumber Harvesting | 2 | |
| Sorceress Training | 1 | |
| Magic Sentry | 1 | |
7 total
» buildings
| Altar of Kings | 1 | |
| Farm | 5 | |
| Lumber Mill | 1 | |
| Arcane Vault | 1 | |
| Scout Tower | 61 | |
| Guard Tower | 25 | |
| Arcane Tower | 2 | |
| Keep | 1 | |
| Town Hall | 1 | |
| Arcane Sanctum | 1 | |
| Gryphon Aviary | 1 | |
| Castle | 1 | |
101 total
» build order
00:08 Altar of Kings
00:20 Farm
00:37 Lumber Mill
00:44 Farm
00:57 Arcane Vault
01:29 Scout Tower
01:32 Scout Tower
02:32 Scout Tower
02:36 Scout Tower
02:49 Scout Tower
02:59 Guard Tower
03:01 Scout Tower
03:04 Scout Tower
03:05 Guard Tower
03:21 Scout Tower
03:22 Scout Tower
03:35 Scout Tower
03:43 Arcane Tower
03:44 Scout Tower
03:52 Guard Tower
03:54 Arcane Tower
03:56 Scout Tower
04:14 Scout Tower
04:16 Guard Tower
04:18 Scout Tower
04:20 Scout Tower
04:27 Keep
04:41 Scout Tower
04:49 Scout Tower
04:55 Guard Tower
04:57 Guard Tower
04:57 Guard Tower
05:01 Scout Tower
05:05 Scout Tower
05:21 Guard Tower
05:22 Scout Tower
05:31 Farm
05:40 Scout Tower
06:00 Scout Tower
06:04 Scout Tower
06:15 Scout Tower
06:29 Scout Tower
06:37 Town Hall
06:44 Guard Tower
07:13 Guard Tower
07:35 Scout Tower
07:37 Scout Tower
07:43 Scout Tower
08:13 Arcane Sanctum
08:21 Scout Tower
08:25 Scout Tower
08:29 Scout Tower
08:57 Guard Tower
09:04 Scout Tower
09:05 Guard Tower
09:28 Guard Tower
09:30 Guard Tower
09:33 Scout Tower
09:34 Scout Tower
09:36 Scout Tower
09:39 Scout Tower
09:41 Scout Tower
09:43 Scout Tower
10:37 Scout Tower
10:38 Scout Tower
10:39 Scout Tower
10:51 Scout Tower
10:52 Scout Tower
10:52 Scout Tower
11:04 Gryphon Aviary
11:06 Castle
11:20 Guard Tower
11:34 Scout Tower
11:35 Scout Tower
11:51 Guard Tower
11:57 Guard Tower
12:49 Farm
12:50 Guard Tower
12:53 Scout Tower
12:54 Scout Tower
12:57 Scout Tower
13:37 Scout Tower
13:38 Scout Tower
13:41 Guard Tower
13:46 Farm
15:15 Scout Tower
15:19 Scout Tower
15:20 Scout Tower
15:20 Scout Tower
15:22 Scout Tower
15:23 Guard Tower
15:30 Scout Tower
15:31 Scout Tower
15:36 Guard Tower
15:40 Scout Tower
16:04 Guard Tower
16:12 Guard Tower
16:19 Guard Tower
16:34 Guard Tower
16:38 Scout Tower
16:40 Scout Tower
» items
| Healing Salve | 1 | |
| Staff of Teleportation | 2 | |
| Lesser Clarity Potion | 3 | |
6 total

»
IDooMeD (
orange | 57 APM | 986 actions | 17:16)
2 Death Knight
1 Death Coil
1 Unholy Aura
1 Lich
1 Frost Nova
» actions
| Assign group hotkey | 10 | |
| Basic commands | 76 | |
| Build / train | 56 | |
| ESC pressed | 2 | |
| Enter build submenu | 19 | |
| Enter hero's abilities submenu | 3 | |
| Give item / drop item | 1 | |
| Right click | 315 | |
| Select / deselect | 142 | |
| Select group hotkey | 323 | |
| Use ability | 39 | |
986 total
» units
| Acolyte | 7 | |
| Ghoul | 6 | |
| Crypt Fiend | 6 | |
| Obsidian Statue | 2 | |
| Frost Wyrm | 13 | |
34 total
» upgrades
| Creature Attack | 2 | |
| Creature Carapace | 3 | |
| Web | 1 | |
| Freezing Breath | 1 | |
7 total
» buildings
| Ziggurat | 8 | |
| Crypt | 1 | |
| Altar of Darkness | 1 | |
| Graveyard | 1 | |
| Nerubian Tower | 1 | |
| Spirit Tower | 1 | |
| Halls of the Dead | 1 | |
| Tomb of Relics | 1 | |
| Black Citadel | 1 | |
| Slaughterhouse | 1 | |
| Sacrificial Pit | 1 | |
| Necropolis | 1 | |
| Boneyard | 3 | |
22 total
» build order
00:09 Ziggurat
00:12 Crypt
00:34 Altar of Darkness
01:13 Ziggurat
01:26 Graveyard
01:55 Nerubian Tower
02:52 Ziggurat
02:54 Ziggurat
02:56 Ziggurat
04:01 Spirit Tower
04:42 Halls of the Dead
08:41 Tomb of Relics
08:42 Black Citadel
08:48 Slaughterhouse
09:11 Sacrificial Pit
09:35 Ziggurat
09:36 Ziggurat
09:38 Ziggurat
10:46 Necropolis
12:01 Boneyard
12:04 Boneyard
12:06 Boneyard
» items
| Scroll of Town Portal | 2 | |
| Orb of Corruption | 1 | |
3 total
Chat log
(00:41 / All) Pigman: oink
(01:43 / All) Pigman: weeee
(01:53 / Allies) IDooMeD: units?
(01:57 / Allies) whatduh: melee
(01:58 / All) Pigman: weeeeEEeee
(02:22 / Allies) whatduh: i scout pink
(02:37 / Allies) IDooMeD: hes taking mid mine
(04:40 / Allies) IDooMeD: guess i dont need to upgrade my towers lol
(04:46 / All) Pigman: weeeEEEEEeeee
(05:35 / All) Pigman: WEEEEEEEEEEEEEEE
(06:07 / Allies) whatduh: u want to hit it?
(06:16 / All) Pigman: WEEEEEEEEEE
(06:19 / Allies) IDooMeD: meet
(06:29 / Allies) IDooMeD: a
(06:41 / Allies) IDooMeD: actually we need to get ours up to111111
(06:45 / Allies) IDooMeD: me or you green?
(06:48 / All) Pigman: WEEEEEEEEEE
(06:54 / Allies) whatduh: either
(07:03 / Allies) IDooMeD: k if i get it ill pump frost
(07:14 / All) Pigman: WEEEEEEEE
(07:58 / All) Pigman: WEEEEEEEEE
(08:07 / Allies) Pigman: LUMBZ
(08:55 / Allies) IDooMeD: ima take
(08:59 / Allies) whatduh: k
(10:07 / Allies) whatduh: no th to tp to
(10:08 / All) Pigman: WEEEEEEEEEEEEEEEEEEEEEE
(10:29 / All) Pigman: WEEEEEEEEEEEEEEEEEEEEEEEEEEEEEEEEEEEEEEEEEEEEEE
(10:44 / All) Pigman: WEEEEEEEEEEEEEEEEEEEEEEEEEEEEEEEEEEEEEEEEEEEEEEEEEEEEEEEEEEEEEEEEEEEEEEEEEEEEE
(11:26 / All) Pigman: WEEEEEEEEEEEE
(11:31 / Allies) whatduh: wtf oj
(11:46 / Allies) IDooMeD: stupid ass trees
(11:48 / Allies) IDooMeD: sorry
(11:52 / Allies) whatduh: np
(11:53 / All) Pigman: WEE
(12:36 / Allies) whatduh: need to take out expo
(12:43 / Allies) IDooMeD: yeah
(13:05 / All) Pigman: WEEEEEEE
(13:30 / Allies) whatduh: they go air, pink has no units
(13:38 / All) Pigman: WEEEEEEEEEE
(14:09 / All) Pigman: WEEEEEEEEEEEEEEEEEEEE
(14:33 / Allies) IDooMeD: coming back
(14:34 / All) Pigman: WEEEEEEEEEEEEEEEEEEEEEEEEEEEEE
(15:33 / All) Pigman: WEEEEEEEE
(15:43 / Allies) whatduh: care
(16:10 / Allies) IDooMeD: hit top guys and ill kill yellow
(16:17 / All) Pigman: WEEEEEEE
(16:47 / Allies) Pigman: LUMBZ
(17:12 / All) Pigman: WEEEEEEEEEEEEEEEEE